 Dungeon Crawl Stone Soup version 0.30-a0-174-gbc10bd73c2 (webtiles) character file.

Game seed: 15017980737941477840

11 qw the Shield-Bearer (level 2, 0/19 HPs)
             Began as a Gargoyle Fighter on Oct 1, 2022.
             Slain by a goblin
             ... wielding a +0 club
              (3 damage)
             ... on level 1 of the Dungeon.
             The game lasted 00:00:02 (82 turns).

qw the Shield-Bearer (Gargoyle Fighter)               Turns: 82, Time: 00:00:03

Health: 0/19       AC:  9    Str: 19    XL:     2   Next: 25%
Magic:  2/2        EV:  9    Int:  8    God:
Gold:   0          SH:  4    Dex:  9    Spells: 1/1 levels left

rFire   . . .      SeeInvis .    a - +0 war axe
rCold   . . .      Faith    .    c - +0 buckler
rNeg    + . .      Spirit   .    b - +0 scale mail
rPois   inf        Reflect  .    (no helmet)
rElec   +          Harm     .    (no cloak)
rCorr   .          Rampage  .    (no gloves)
Will    .....                    (no boots)
Stlth   ..........               (no amulet)
HPRegen 0.23/turn                (no ring)
MPRegen 0.08/turn                (no ring)

@: no status effects
A: sickness immunity, AC +2, negative energy resistance 1, electricity
resistance, torment resistance 1, petrification resistance
a: no special abilities


You were on level 1 of the Dungeon.
You visited 1 branch of the dungeon, and saw 1 of its levels.


Innate Abilities, Weirdness & Mutations

You are immune to sickness and miasma.
Your stone body is resilient. (AC +2)
You are immune to poison.
You resist negative energy. (rN+)
You are resistant to electric shocks. (rElec)
You are resistant to unholy torment.
You are immune to petrification.


   Skills:
 - Level 3.2 Fighting
 + Level 2.6 Axes
 - Level 3.2 Armour
 - Level 3.2 Shields


You had one spell level left.
You didn't know any spells.
Your spell library was empty.

Inventory:

Hand Weapons
 a - a +0 war axe (weapon)
Armour
 b - a +0 scale mail (worn)
 c - a +0 buckler (worn)
Scrolls
 e - a scroll of identify {unknown}
Potions
 d - a potion of might

Dungeon Overview and Level Annotations

Branches:
Dungeon (1/15)

Altars:


Message History

The jackal bites you but does no damage.
You have reached level 2!
You closely miss the jackal. You hit the jackal.
You kill the jackal!
You hit the goblin.
You kill the goblin!
You closely miss the jackal. You closely miss the quokka.
The quokka barely misses you.
The jackal bites you but does no damage. x2
The quokka bites you. The jackal closely misses you. x2
You barely miss the jackal. You hit the quokka. You barely miss the endoplasm.
You miss the jackal. You block the jackal's attack.
The endoplasm hits you but does no damage.
The quokka bites you.
The jackal closely misses you. x2; The quokka bites you.
An endoplasm comes into view.
The endoplasm freezes you.
You are frozen.
The jackal bites you but does no damage.
You barely miss the quokka.
The quokka is severely wounded.
The endoplasm quivers.
You hit the endoplasm. You barely miss the jackal. You slash the jackal!
You kill the jackal!
The jackal barely misses you. The quokka barely misses you.
The endoplasm freezes you.
You are frozen.
You block the jackal's attack.
You closely miss the quokka.
The quokka is severely wounded.
You hit the goblin. You hit the jackal. You barely miss the endoplasm.
The quokka bites you but does no damage.
The jackal closely misses you.
The endoplasm hits you but does no damage.
You block the goblin's attack. The quokka closely misses you.
The jackal closely misses you.
You barely miss the quokka.
The quokka is severely wounded.
You closely miss the goblin. You barely miss the jackal. You hit the endoplasm.
The endoplasm closely misses you. The goblin hits you with a +0 club.
You die...

#~~~.....##%#
#~~~~....##.#
#~~~~..P7P#.#
###########.##
#...# #...###
#.....#
#....%####..
###%@g...J..
#rJh.....#
#.S......#
#........#
##........
#........
#.....$..
#........


You could see 2 endoplasms, a quokka, a jackal, a goblin and a ball python.

Vanquished Creatures
  A dart slug (D:1)
  A hobgoblin (D:1)
  3 jackals (D:1)
  2 ball pythons (D:1)
  A goblin (D:1)
8 creatures vanquished.

Notes
Turn   | Place    | Note
-------+----------+-------------------------------------------
     0 | D:1      | qw the Gargoyle Fighter began the quest for the Orb.
     0 | D:1      | Reached XP level 1. HP: 14/14 MP: 1/1
     0 | D:1      | 0 ||| qw: Version: 0.2-a-13-gfc7b4b4
     0 | D:1      | 0 ||| qw: Game counter: 1886
     0 | D:1      | 0 ||| qw: Always use a shield: true
     0 | D:1      | 0 ||| qw: God list: Okawaru
     0 | D:1      | 0 ||| qw: Allow faded altars: false
     0 | D:1      | 0 ||| qw: Do Orc after D:15 true
     0 | D:1      | 0 ||| qw: Do second Lair branch before Depths: true
     0 | D:1      | 0 ||| qw: Lair rune preference: random
     0 | D:1      | 0 ||| qw: Plans: Normal, Zot:1-4, God:TSO, Crypt, Tomb,
                  | Pan, Slime:5, Hells, Abyss, Orb
     0 | D:1      | 0 ||| PLANNING D:1-11
    78 | D:1      | Reached XP level 2. HP: 13/19 MP: 2/2
    79 | D:1      | HP: 3/19 [frozen (5)]
    82 | D:1      | Slain by a goblin

Levels and vault maps discovered:
D:1:      kennysheep_arrival_seaside, layout_rooms,
          hellmonk_ecumenical_altar_lost_god

Skill      XL: |  1 |
---------------+----+-----
Axes           | 2 |  2.6
Fighting       | |  3.2
Armour         | |  3.2
Shields        | |  3.2

Action                   || total
-------------------------++-------
Melee: War axe           ||    16
Armor: Scale mail        ||    20
Dodge: Dodged            ||    25
Block: Buckler           ||     8

Table legend:
 A = Non-vault XP
 B = Vault XP
 C = Vault XP percentage of total XP
 D = Non-vault monster count
 E = Vault monster count
 F = Vault count percentage of total count
                 A         B        C        D         E       F
            +---------+---------+-------+---------+---------+-------
      Total |      16 |       0 |   0.0 |       8 |       0 |   0.0
            +---------+---------+-------+---------+---------+-------
        D:1 |      16 |       0 |   0.0 |       8 |       0 |   0.0
            +---------+---------+-------+---------+---------+-------
